[Event "Titled Tuesday Blitz June 07 Early 2022"]
[White "Sarana, Alexey"]
[Black "Morefield, Jason"]
[WhiteFideId "24133795"]
[BlackFideId "30920825"]
[WhiteElo "2666"]
[BlackElo "2171"]
[Result "1-0"]
[Round "07"]
[TimeControl "180+1"]
[Date "2022.06.07"]
[WhiteClock "0:00:27"]
[BlackClock "0:00:02"]

1. d4 d5 2. c4 c6 3. Nf3 Nf6 4. Nc3 e6 5. g3 dxc4 6. Bg2 Nbd7 7. O-O b5 8. e4 Be7 9. a4 b4 10. e5 bxc3 11. exf6 Bxf6 12. bxc3 O-O 13. Nd2 Qc7 14. Nxc4 Ba6 15. Bf4 e5 16. Nxe5 Nxe5 17. Re1 Rfe8 18. dxe5 Bxe5 19. Bxe5 Rxe5 20. Qd4 Rxe1+ 21. Rxe1 h6 22. Qc5 Rc8 23. a5 Rd8 24. h4 Bb5 25. c4 Qxa5 26. Rc1 Qd2 27. cxb5 cxb5 28. Ra1 b4 29. Rxa7 b3 30. Qc4 Qd1+ 31. Kh2 Kh8 32. Rb7 Qc2 33. Qxf7 Qc3 34. Rxb3 1-0


[Site "https://www.chess.com"]

[Event "Titled Tuesday Blitz June 07 Early 2022"]
[White "Shubin, Kirill"]
[Black "Dubov, Daniil"]
[WhiteFideId "34119962"]
[BlackFideId "24126055"]
[WhiteElo "2474"]
[BlackElo "2791"]
[Result "1/2-1/2"]
[Round "07"]
[TimeControl "180+1"]
[Date "2022.06.07"]
[WhiteClock "0:00:39"]
[BlackClock "0:00:34"]

1. e4 e5 2. Nf3 Nc6 3. Bb5 a6 4. Ba4 Nf6 5. d3 b5 6. Bb3 Be7 7. O-O O-O 8. Re1 d6 9. c3 Na5 10. Bc2 c5 11. Nbd2 Nc6 12. Nf1 Re8 13. Bg5 Nd7 14. Be3 Bf6 15. Ng3 g6 16. a4 Nb6 17. axb5 axb5 18. Rxa8 Nxa8 19. Bb3 Nb6 20. Qd2 Be6 21. Bxe6 Rxe6 22. Ra1 Re8 23. Qc2 Qd7 24. Qb3 b4 25. Nd2 Rb8 26. Nc4 Qe6 27. Ra6 Nxc4 28. Qxc4 Qxc4 29. dxc4 bxc3 30. bxc3 Rc8 31. Nf1 Kf8 32. Bh6+ Ke7 33. Ne3 Kd7 34. Nd5 Bd8 35. h4 Rb8 36. Bg5 Ba5 37. g3 h5 38. Kg2 Rb3 39. Ra8 Rb8 40. Ra6 Rb3 41. Ra8 Rb8 42. Ra6 1/2-1/2


[Site "https://www.chess.com"]

[Event "Titled Tuesday Blitz June 07 Early 2022"]
[White "Sjugirov, Sanan"]
[Black "Durarbayli, Vasif"]
[WhiteFideId "4189302"]
[BlackFideId "13402935"]
[WhiteElo "2602"]
[BlackElo "2528"]
[Result "1/2-1/2"]
[Round "07"]
[TimeControl "180+1"]
[Date "2022.06.07"]
[WhiteClock "0:00:03"]
[BlackClock "0:00:04"]

1. Nf3 Nf6 2. g3 b6 3. Bg2 Bb7 4. O-O e6 5. c4 Be7 6. d4 O-O 7. Nc3 Ne4 8. Bd2 Bf6 9. Re1 c5 10. d5 Bxc3 11. Bxc3 exd5 12. cxd5 d6 13. Nd2 Nxc3 14. bxc3 Nd7 15. e4 b5 16. a4 a6 17. f4 c4 18. Nf3 Nc5 19. axb5 axb5 20. Rxa8 Qxa8 21. Qd4 Re8 22. e5 Nd3 23. Rf1 Bxd5 24. exd6 Rd8 25. Qb6 h6 26. Nh4 Bxg2 27. Nxg2 Qb8 28. Qxb8 Rxb8 29. Rb1 Rd8 30. Ne3 Rxd6 31. Rxb5 Re6 32. Nxc4 Re1+ 33. Kg2 Rc1 34. Rb3 Nc5 35. Ra3 Ne4 36. Ne5 Rc2+ 37. Kf3 Rxc3+ 38. Rxc3 Nxc3 39. Nd3 1/2-1/2


[Site "https://www.chess.com"]

[Event "Titled Tuesday Blitz June 07 Early 2022"]
[White "Svane, Rasmus"]
[Black "Rosen, Eric"]
[WhiteFideId "4657101"]
[BlackFideId "2032562"]
[WhiteElo "2674"]
[BlackElo "2362"]
[Result "1-0"]
[Round "07"]
[TimeControl "180+1"]
[Date "2022.06.07"]
[WhiteClock "0:00:43"]
[BlackClock "0:00:02"]

1. Nf3 d5 2. g3 Nf6 3. Bg2 e6 4. O-O Be7 5. c4 d4 6. e3 c5 7. exd4 cxd4 8. d3 Nc6 9. Re1 O-O 10. a3 a5 11. Bg5 h6 12. Bxf6 Bxf6 13. Nbd2 e5 14. Rc1 Re8 15. c5 Ra6 16. Nc4 Bf5 17. Nd6 Bg6 18. Nxe8 Qxe8 19. Qb3 Qd7 20. Nd2 a4 21. Qb5 Bg5 22. Rcd1 Qc7 23. Nc4 Ra8 24. Qb6 Qxb6 25. cxb6 Bh5 26. Ra1 Bf6 27. Bxc6 bxc6 28. Nxe5 Rb8 29. Nd7 Rb7 30. Re8+ Kh7 31. Nxf6+ gxf6 32. Rd8 Rxb6 33. Rxd4 Rxb2 34. Rxa4 Be2 35. Rc4 Bxd3 36. Rxc6 Kg7 37. a4 Be4 38. Rc4 Bd5 39. Rc5 Bb7 40. a5 Ba6 41. Rc6 Bb7 42. Rb6 Rxb6 43. axb6 Kg6 44. Ra7 Bf3 45. b7 1-0


[Site "https://www.chess.com"]

[Event "Titled Tuesday Blitz June 07 Early 2022"]
[White "Urazayev, Arystanbek"]
[Black "Agibileg, Uurtsaikh"]
[WhiteFideId "13709810"]
[BlackFideId "4901606"]
[WhiteElo "2422"]
[BlackElo "2205"]
[Result "1-0"]
[Round "07"]
[TimeControl "180+1"]
[Date "2022.06.07"]
[WhiteClock "0:01:24"]
[BlackClock "0:00:49"]

1. e4 c5 2. Nf3 e6 3. d4 cxd4 4. Nxd4 Nc6 5. Nc3 Qc7 6. g4 a6 7. Be3 Nxd4 8. Qxd4 b5 9. O-O-O b4 10. Na4 d6 11. Nb6 Rb8 12. Qxb4 Nf6 13. Qa4+ Nd7 14. Nxc8 Rxc8 15. Bxa6 Ra8 16. Qc4 Qa5 17. Bb5 Qxa2 18. Qc7 Qa1+ 19. Kd2 Qa5+ 20. Qxa5 Rxa5 21. c4 d5 22. exd5 exd5 23. Kc2 Rxb5 24. cxb5 Nf6 25. g5 Ng4 26. Rxd5 Be7 27. Bd4 O-O 28. f3 Rc8+ 29. Kb1 1-0


[Site "https://www.chess.com"]

[Event "Titled Tuesday Blitz June 07 Early 2022"]
[White "Van Foreest, Jorden"]
[Black "Chigaev, Maksim"]
[WhiteFideId "1039784"]
[BlackFideId "4108116"]
[WhiteElo "2609"]
[BlackElo "2457"]
[Result "0-1"]
[Round "07"]
[TimeControl "180+1"]
[Date "2022.06.07"]
[WhiteClock "0:01:28"]
[BlackClock "0:00:11"]

1. e4 c5 2. Nc3 d6 3. d4 cxd4 4. Qxd4 Nc6 5. Qd2 g6 6. b3 Bh6 7. f4 Nf6 8. Bb2 e5 9. g3 exf4 10. O-O-O Bg4 11. Be2 fxg3 12. Qxh6 g2 13. Bxg4 Nxg4 14. Qg7 gxh1=Q 15. Qxh8+ Kd7 16. Qxh7 Qxh2 17. Qxf7+ Qe7 18. Qxg6 Qh6+ 19. Qxh6 Nxh6 20. Nd5 Qg5+ 21. Kb1 Rf8 22. Ne2 Qh5 23. Nec3 Ng4 24. a4 Nge5 25. Rg1 Rf7 26. Bc1 Qh2 27. Rd1 Rf2 28. Ne3 Nb4 29. Ba3 Nxc2 30. Bxd6 Nxe3 0-1


[Site "https://www.chess.com"]

[Event "Titled Tuesday Blitz June 07 Early 2022"]
[White "Vasquez Schroeder, Rodrigo"]
[Black "Skliarov, Viktor"]
[WhiteFideId "3400042"]
[BlackFideId "14106736"]
[WhiteElo "2567"]
[BlackElo "2229"]
[Result "1-0"]
[Round "07"]
[TimeControl "180+1"]
[Date "2022.06.07"]
[WhiteClock "0:00:06"]
[BlackClock "0:00:05"]

1. e4 c5 2. Nf3 Nc6 3. d4 cxd4 4. Nxd4 Nf6 5. Nc3 e5 6. Ndb5 d6 7. Bg5 a6 8. Na3 b5 9. Nd5 Be7 10. Bxf6 Bxf6 11. c3 Bg5 12. Nc2 O-O 13. a4 bxa4 14. Rxa4 a5 15. Bc4 Rb8 16. b3 Kh8 17. Nce3 Ne7 18. h4 Bxe3 19. Nxe3 f5 20. exf5 Nxf5 21. Nxf5 Bxf5 22. Bd5 Bd7 23. Re4 Qc7 24. Re3 a4 25. b4 Bb5 26. Rhh3 Rf4 27. h5 Rbf8 28. Rhf3 a3 29. g3 R4f6 30. Rxf6 Rxf6 31. Qb3 Qa7 32. Qa2 Be8 33. c4 Bxh5 34. Rxa3 Qe7 35. Ra8+ Rf8 36. Qa7 Qf6 37. Rxf8+ Qxf8 38. b5 g6 39. Qa8 Qxa8 40. Bxa8 Bg4 41. b6 Bc8 42. b7 Bxb7 43. Bxb7 Kg7 44. Bd5 Kf6 45. Ke2 h5 46. Kf3 Kg5 47. Bf7 Kf6 48. Be8 Kg5 49. Ke4 Kf6 50. Kd5 Kf5 51. Kxd6 e4 52. Kd5 g5 53. Bxh5 g4 54. Bxg4+ 1-0


[Site "https://www.chess.com"]

[Event "Titled Tuesday Blitz June 07 Early 2022"]
[White "Alvarado Diaz, Alejandro"]
[Black "Przybylski, Wojciech"]
[WhiteFideId "2276119"]
[BlackFideId "1117599"]
[WhiteElo "2438"]
[BlackElo "2133"]
[Result "1/2-1/2"]
[Round "08"]
[TimeControl "180+1"]
[Date "2022.06.07"]
[WhiteClock "0:00:13"]
[BlackClock "0:00:11"]

1. d4 Nf6 2. c4 e6 3. Nc3 Bb4 4. f3 c5 5. d5 d6 6. e4 b5 7. Ne2 O-O 8. Nf4 bxc4 9. Bxc4 exd5 10. Bxd5 Nxd5 11. Qxd5 Qb6 12. O-O Bb7 13. Qd1 c4+ 14. Kh1 Bc5 15. Na4 Qb5 16. Nxc5 Qxc5 17. Bd2 Nd7 18. Bc3 Ne5 19. Qd2 Rfd8 20. Rad1 a5 21. Qd4 Qxd4 22. Rxd4 Kf8 23. Rfd1 Ke7 24. R4d2 f6 25. Ne2 Ra6 26. Nd4 g6 27. Nb5 Rd7 28. Rd4 Rb6 29. Na3 Ba6 30. R1d2 a4 31. Nc2 Rdb7 32. a3 Nd3 33. Nb4 Rb5 34. Nxd3 cxd3 35. R4xd3 Rxb2 36. Rxb2 Rxb2 37. Bxb2 Bxd3 38. Kg1 Ke6 39. Kf2 f5 40. Ke3 Bf1 41. g3 fxe4 42. fxe4 Bg2 43. Bd4 Bh1 44. Bb6 Bg2 45. Bd4 Bh1 46. Kd3 Bg2 47. Ke3 1/2-1/2


[Site "https://www.chess.com"]

[Event "Titled Tuesday Blitz June 07 Early 2022"]
[White "Atakhan, Abtin"]
[Black "Zhigalko, Sergei"]
[WhiteFideId "22502203"]
[BlackFideId "13502956"]
[WhiteElo "2087"]
[BlackElo "2662"]
[Result "0-1"]
[Round "08"]
[TimeControl "180+1"]
[Date "2022.06.07"]
[WhiteClock "0:00:44"]
[BlackClock "0:00:04"]

1. c4 e5 2. Nc3 Nf6 3. g3 c6 4. Nf3 d6 5. Bg2 Be7 6. O-O O-O 7. d3 h6 8. b4 Be6 9. b5 Nbd7 10. Rb1 d5 11. Nd2 Re8 12. a4 Rc8 13. Bb2 Nc5 14. Qc2 Qd7 15. a5 Bh3 16. Nb3 Bxg2 17. Kxg2 cxb5 18. Nxb5 a6 19. Nc3 dxc4 20. dxc4 Qc6+ 21. Kg1 Ne6 22. Nd2 Nd4 23. Qd1 Red8 24. e3 Ne6 25. Qe2 Ng5 26. f3 Rxd2 27. Qxd2 Nxf3+ 28. Rxf3 Qxf3 29. Nd5 Nxd5 30. cxd5 Bb4 31. Qd3 Bc5 32. Bc1 Rc7 33. Bd2 Rd7 34. Qc3 Qxd5 35. Rc1 Qxd2 36. Qxc5 Kh7 37. Rf1 f6 38. Qc8 Qxe3+ 39. Kh1 Qe4+ 40. Kg1 Rd2 41. Qh3 Qe3+ 42. Kh1 Qe4+ 43. Kg1 Ra2 44. g4 Qd4+ 45. Kh1 Qe4+ 46. Kg1 Rxa5 47. Qg3 Ra2 48. h4 Qd4+ 49. Kh1 Qe4+ 50. Kg1 Re2 51. Rf3 Re1+ 52. Kg2 Re2+ 53. Kg1 Qd4+ 0-1


[Site "https://www.chess.com"]

[Event "Titled Tuesday Blitz June 07 Early 2022"]
[White "Beerdsen, Thomas"]
[Black "Livaic, Leon"]
[WhiteFideId "1030108"]
[BlackFideId "14531534"]
[WhiteElo "2585"]
[BlackElo "2540"]
[Result "1-0"]
[Round "08"]
[TimeControl "180+1"]
[Date "2022.06.07"]
[WhiteClock "0:00:19"]
[BlackClock "0:00:12"]

1. e4 e6 2. d4 d5 3. Nc3 Nf6 4. Bg5 Bb4 5. e5 h6 6. Bd2 Bxc3 7. bxc3 Ne4 8. Bc1 c5 9. Ne2 Nc6 10. f3 Ng5 11. h4 Nh7 12. Nf4 O-O 13. Bd3 f6 14. Ng6 Rf7 15. f4 cxd4 16. Qh5 fxe5 17. fxe5 dxc3 18. Rh3 Nd4 19. Bg5 Qe8 20. Rb1 Nf5 21. Rb4 Nf8 22. g4 Ne7 23. Nxe7+ Rxe7 24. Bxe7 Qxe7 25. Rf4 Bd7 26. Rhf3 Be8 27. Rxf8+ Qxf8 28. Rxf8+ Kxf8 29. Bg6 d4 30. Bxe8 Rxe8 31. g5 d3 32. cxd3 Rd8 33. gxh6 gxh6 34. Qxh6+ Ke7 35. Qf6+ Kd7 36. Qf7+ Kc6 37. Qxe6+ Rd6 38. Qxd6+ 1-0


[Site "https://www.chess.com"]

[Event "Titled Tuesday Blitz June 07 Early 2022"]
[White "Bharath Subramaniyam H"]
[Black "Hambleton, Aman"]
[WhiteFideId "46634827"]
[BlackFideId "2606577"]
[WhiteElo "2242"]
[BlackElo "2552"]
[Result "1-0"]
[Round "08"]
[TimeControl "180+1"]
[Date "2022.06.07"]
[WhiteClock "0:01:22"]
[BlackClock "0:00:02"]

1. d4 Nf6 2. Nf3 e6 3. Bf4 d5 4. c3 Bd6 5. e3 c5 6. Nbd2 Qc7 7. Ne5 Nbd7 8. Ndf3 O-O 9. Bd3 b6 10. a4 Bb7 11. Qc2 Ne4 12. O-O f6 13. Nxd7 Qxd7 14. Bxd6 Qxd6 15. a5 Qc7 16. Nd2 Nxd2 17. Qxd2 g6 18. Rfc1 Kg7 19. c4 dxc4 20. Bxc4 Qd6 21. Qe2 cxd4 22. exd4 Rfe8 23. Re1 Qxd4 24. Rad1 1-0


[Site "https://www.chess.com"]

[Event "Titled Tuesday Blitz June 07 Early 2022"]
[White "Bortnyk, Mykola"]
[Black "Cardoso Cardoso, Jose Gabriel"]
[WhiteFideId "14120836"]
[BlackFideId "4430492"]
[WhiteElo "2582"]
[BlackElo "2485"]
[Result "1-0"]
[Round "08"]
[TimeControl "180+1"]
[Date "2022.06.07"]
[WhiteClock "0:00:07"]
[BlackClock "0:00:02"]

1. e4 e6 2. d4 d5 3. Nd2 dxe4 4. Nxe4 Nd7 5. Bd3 Ngf6 6. Nxf6+ Nxf6 7. Be3 b6 8. Qf3 Qd5 9. c4 Qxf3 10. Nxf3 Bb7 11. Ke2 Bd6 12. Rac1 c5 13. Rhd1 Ke7 14. dxc5 Bxc5 15. h3 Rhd8 16. Bc2 Bxe3 17. Kxe3 Rac8 18. Rxd8 Kxd8 19. Rd1+ Ke7 20. Bd3 Nd7 21. b3 Bxf3 22. Kxf3 Nc5 23. Ke3 a5 24. Bc2 Na6 25. Rd4 Nb4 26. Bb1 g6 27. a3 Na6 28. f4 h5 29. Bc2 Rc7 30. Kd2 h4 31. Bd1 Nc5 32. b4 axb4 33. axb4 Nb7 34. Kc3 Nd6 35. Kb3 Ra7 36. Kb2 Rd7 37. Ba4 Rc7 38. Kb3 f6 39. Rd1 e5 40. fxe5 fxe5 41. Rc1 Ke6 42. c5 bxc5 43. bxc5 Rb7+ 44. Kc3 Ne4+ 45. Kd3 Rb4 46. Be8 Rd4+ 47. Ke3 Nf6 48. Bxg6 Nd5+ 49. Kf2 Rf4+ 50. Kg1 Ne7 51. Bh5 Nc6 52. Be8 Nd4 53. Kh2 Ke7 54. c6 Ne6 55. Bh5 Nc7 56. Bf3 Rd4 57. Re1 Kd6 58. g3 Rd2+ 59. Bg2 hxg3+ 60. Kxg3 Rd3+ 61. Kg4 Ne6 62. h4 Rd4+ 63. Kg3 Nf4 64. Bf3 Rc4 65. Rd1+ Kc7 66. Rd7+ Kc8 67. Re7 Ng6 68. Rg7 Nxh4 69. Bg4+ Kd8 70. Kxh4 Rxc6 71. Kg5 Rd6 72. Kf5 e4 73. Kxe4 Ke8 74. Ke5 Rd1 75. Bxd1 1-0


[Site "https://www.chess.com"]

[Event "Titled Tuesday Blitz June 07 Early 2022"]
[White "Bortnyk, Olexandr"]
[Black "Matlakov, Maxim"]
[WhiteFideId "14120828"]
[BlackFideId "4168003"]
[WhiteElo "2723"]
[BlackElo "2669"]
[Result "1-0"]
[Round "08"]
[TimeControl "180+1"]
[Date "2022.06.07"]
[WhiteClock "0:00:37"]
[BlackClock "0:00:07"]

1. d4 d5 2. Nc3 Nf6 3. Bf4 e6 4. Nb5 Bb4+ 5. c3 Ba5 6. a4 a6 7. b4 Bxb4 8. cxb4 axb5 9. axb5 Rxa1 10. Qxa1 Nh5 11. Be5 Nd7 12. e3 O-O 13. Qc3 Nxe5 14. dxe5 d4 15. Qxd4 Qxd4 16. exd4 Rd8 17. Ne2 f5 18. Kd2 Bd7 19. Nc3 Be8 20. Ke3 f4+ 21. Kd3 g5 22. g4 fxg3 23. hxg3 Bg6+ 24. Ke3 Ng7 25. g4 h5 26. f3 Ra8 27. Bd3 Kf7 28. Ne4 Bxe4 29. Bxe4 Ra3+ 30. Kd2 h4 31. Bxb7 Ke7 32. Bc6 Ne8 33. Rc1 Ng7 34. Kc2 Re3 35. Ra1 Re2+ 36. Kd3 Rb2 37. Kc3 Re2 38. Ra7 Kd8 39. Ra8+ Ke7 40. Rc8 h3 41. Rxc7+ Kf8 42. Rc8+ Kf7 43. Rh8 h2 44. b6 Re1 45. b7 Rc1+ 46. Kb2 Rxc6 47. b8=Q 1-0


[Site "https://www.chess.com"]

[Event "Titled Tuesday Blitz June 07 Early 2022"]
[White "Costachi, Mihnea"]
[Black "Bachmann, Axel"]
[WhiteFideId "1217518"]
[BlackFideId "3700488"]
[WhiteElo "2476"]
[BlackElo "2587"]
[Result "1-0"]
[Round "08"]
[TimeControl "180+1"]
[Date "2022.06.07"]
[WhiteClock "0:01:15"]
[BlackClock "0:01:14"]

1. d4 d5 2. c4 e6 3. Nc3 c6 4. cxd5 exd5 5. Qc2 Bd6 6. Nf3 Ne7 7. Bg5 f6 8. Bh4 Bf5 9. Qd2 Nd7 10. e3 O-O 11. Bd3 a5 12. O-O Bxd3 13. Qxd3 Ng6 14. Bg3 Bxg3 15. hxg3 f5 16. Ne2 Nf6 17. Nf4 Ne4 18. Ne6 Qe7 19. Nxf8 Rxf8 20. a3 h5 21. b4 axb4 22. axb4 Qxb4 23. Rfb1 Qe7 24. Ra7 Nd6 25. Qa3 Qc7 26. Ra8 b5 27. Rxf8+ Nxf8 28. Ne5 Nc4 29. Nxc4 dxc4 30. Qc5 Ne6 31. Qxf5 Qd6 32. d5 cxd5 33. Rxb5 c3 34. Rxd5 Qc6 35. Rd1 1-0


[Site "https://www.chess.com"]

[Event "Titled Tuesday Blitz June 07 Early 2022"]
[White "Demchenko, Anton"]
[Black "Kamsky, Gata"]
[WhiteFideId "4160258"]
[BlackFideId "2000024"]
[WhiteElo "2539"]
[BlackElo "2645"]
[Result "1-0"]
[Round "08"]
[TimeControl "180+1"]
[Date "2022.06.07"]
[WhiteClock "0:00:05"]
[BlackClock "0:00:12"]

1. e4 c5 2. Nf3 e6 3. d4 cxd4 4. Nxd4 a6 5. Bd3 g6 6. Be3 Bg7 7. Nc3 b5 8. Qd2 Bb7 9. O-O-O Nc6 10. Nxc6 Bxc6 11. Rhe1 Ne7 12. Bh6 O-O 13. h4 f6 14. Bxg7 Kxg7 15. h5 e5 16. f4 exf4 17. Qxf4 Qb8 18. e5 fxe5 19. Qg5 Nf5 20. g4 Nd4 21. Bxg6 Qd8 22. Qxe5+ Qf6 23. Qxf6+ Rxf6 24. Bxh7 Nf3 25. Re7+ Kh6 26. Bf5 Nh2 27. Nd5 Rff8 28. Rh7+ Kg5 29. Rg7+ Kh4 30. Bxd7 Bxd7 31. Rxd7 Nf3 32. h6 Kxg4 33. h7 Kf5 34. Rf1 Ke6 35. Nc7+ Kxd7 36. Nxa8 Rxa8 37. Rxf3 Rh8 38. Rh3 1-0


[Site "https://www.chess.com"]

[Event "Titled Tuesday Blitz June 07 Early 2022"]
[White "Djokic, Mihailo"]
[Black "Salinas Herrera, Pablo"]
[WhiteFideId "976440"]
[BlackFideId "3407128"]
[WhiteElo "2255"]
[BlackElo "2541"]
[Result "1-0"]
[Round "08"]
[TimeControl "180+1"]
[Date "2022.06.07"]
[WhiteClock "0:00:04"]
[BlackClock "0:00:04"]

1. e4 c5 2. Nf3 e6 3. d4 cxd4 4. Nxd4 a6 5. Be2 Qc7 6. Nc3 Nf6 7. O-O d6 8. f4 Nbd7 9. Kh1 Be7 10. Bf3 Rb8 11. Re1 O-O 12. g4 Rd8 13. g5 Ne8 14. h4 Nf8 15. h5 b5 16. Qe2 b4 17. Nd5 exd5 18. exd5 Bb7 19. Qxe7 Qc5 20. Nc6 Rd7 21. Qxd7 Nxd7 22. Nxb8 Ndf6 23. gxf6 Nxf6 24. Nd7 Qf2 25. Nxf6+ gxf6 26. Re8+ Kg7 27. h6+ Kg6 28. Rg8+ Kf5 29. Bg4+ Ke4 30. c4 Kd3 31. b3 Qe1+ 32. Kh2 Qf2+ 33. Kh3 Qf1+ 34. Kg3 Qg1+ 35. Kh4 Qh2+ 36. Bh3 f5 37. Rg3+ Kd4 38. Be3+ Ke4 39. Rag1 Bc8 40. Kg5 Kd3 41. Bb6+ Ke4 42. Bg2+ Qxg2 43. R3xg2 f6+ 44. Kxf6 1-0


[Site "https://www.chess.com"]

[Event "Titled Tuesday Blitz June 07 Early 2022"]
[White "Domingo Nunez, Ruben"]
[Black "Narayanan, Srinath"]
[WhiteFideId "22245570"]
[BlackFideId "5018420"]
[WhiteElo "2376"]
[BlackElo "2472"]
[Result "0-1"]
[Round "08"]
[TimeControl "180+1"]
[Date "2022.06.07"]
[WhiteClock "0:00:08"]
[BlackClock "0:00:11"]

1. Nf3 d5 2. c4 e6 3. b3 Nf6 4. Bb2 c5 5. e3 Nc6 6. cxd5 exd5 7. d4 cxd4 8. Nxd4 Bb4+ 9. Bc3 Qa5 10. Qd2 Bxc3 11. Nxc3 Nxd4 12. Qxd4 O-O 13. Bd3 Be6 14. O-O Rac8 15. b4 Qd8 16. Rac1 a6 17. Na4 Qe7 18. Qb6 d4 19. a3 Bd7 20. Nc5 dxe3 21. Qxb7 exf2+ 22. Rxf2 Qd6 23. Rxf6 gxf6 24. Qe4 f5 25. Qe3 Rfe8 26. Qg5+ Kh8 27. Bxa6 Rxc5 28. bxc5 Qxa6 29. c6 Qb6+ 30. Kh1 Qxc6 31. Qd2 Qe6 32. h3 Qe3 33. Qb2+ Kg8 34. Rd1 Bc6 35. Kh2 Qe2 36. Rd2 Qe5+ 37. Kg1 Qxb2 38. Rxb2 Re3 39. Rb6 Be4 40. a4 Re2 41. g4 fxg4 42. hxg4 Rg2+ 43. Kf1 Rxg4 44. a5 Bd3+ 45. Kf2 Ra4 46. Ke3 Bf1 47. Rb1 Ba6 48. Rg1+ Kf8 49. Rg5 h6 50. Re5 Kg7 51. Kf2 Kg6 52. Rd5 h5 53. Kg3 f6 54. Rd4 Rxd4 0-1


[Site "https://www.chess.com"]

[Event "Titled Tuesday Blitz June 07 Early 2022"]
[White "Dubov, Daniil"]
[Black "Kozak, Adam"]
[WhiteFideId "24126055"]
[BlackFideId "753246"]
[WhiteElo "2791"]
[BlackElo "2459"]
[Result "1-0"]
[Round "08"]
[TimeControl "180+1"]
[Date "2022.06.07"]
[WhiteClock "0:00:11"]
[BlackClock "0:00:03"]

1. c4 Nf6 2. Nc3 e6 3. e4 e5 4. Nf3 Nc6 5. Be2 Bc5 6. Nxe5 Nxe5 7. d4 Bxd4 8. Qxd4 d6 9. O-O Be6 10. f4 Nc6 11. Qf2 h6 12. h3 O-O 13. Be3 Re8 14. Rae1 Qe7 15. b3 Qf8 16. Bd3 a6 17. Bb1 Rab8 18. e5 dxe5 19. Bc5 Ne7 20. fxe5 Nd7 21. Ba3 Kh8 22. Nd5 c5 23. Nc7 Rec8 24. Nxe6 fxe6 25. Qd2 Qe8 26. Qd3 g6 27. Bc1 Kh7 28. Qd2 Ng8 29. Rf3 Rd8 30. Rg3 Nf8 31. Qe3 Rd7 32. Rf1 Rg7 33. Qxc5 b5 34. h4 Nd7 35. Qe3 Ne7 36. h5 Nf5 37. hxg6+ Rxg6 38. Rxf5 exf5 39. Bxf5 Rb6 40. Qxh6+ Kg8 41. Rxg6+ Rxg6 42. Bxg6 Qe7 43. Bg5 Qc5+ 44. Kh1 Nxe5 45. Qh7+ Kf8 46. Bh6# 1-0


[Site "https://www.chess.com"]

[Event "Titled Tuesday Blitz June 07 Early 2022"]
[White "Durarbayli, Vasif"]
[Black "Terry, Renato"]
[WhiteFideId "13402935"]
[BlackFideId "3803457"]
[WhiteElo "2528"]
[BlackElo "2577"]
[Result "0-1"]
[Round "08"]
[TimeControl "180+1"]
[Date "2022.06.07"]
[WhiteClock "0:00:02"]
[BlackClock "0:00:05"]

1. e4 e6 2. d4 d5 3. e5 c5 4. c3 Qb6 5. Nf3 Bd7 6. Bd3 cxd4 7. cxd4 Nc6 8. O-O Nxd4 9. Nbd2 Ne7 10. Nxd4 Qxd4 11. Nf3 Qb6 12. Be3 Qd8 13. b4 Ng6 14. g3 Bxb4 15. Rb1 a5 16. h4 Ne7 17. a3 Bxa3 18. Rxb7 Rb8 19. Bb6 Qxb6 20. Rxb6 Rxb6 21. Qc2 Nc6 22. Bxh7 Be7 23. Bd3 g6 24. Rc1 Kf8 25. Qd2 Kg7 26. Qe3 Rb4 27. Ng5 a4 28. Ra1 Nd4 29. Kg2 Nb3 30. Ra2 Nc5 31. Bc2 Rc4 32. Qf3 Rf8 33. Bd1 Bc6 34. Rc2 Bb7 35. Kh2 Rd4 36. Be2 Rb4 37. Qc3 Rb3 38. Qa5 Rc8 39. Bd1 a3 40. Rxc5 Rxc5 41. Qa7 Rb2 42. Qxa3 Rxf2+ 43. Kh3 d4 0-1


[Site "https://www.chess.com"]

[Event "Titled Tuesday Blitz June 07 Early 2022"]
[White "Goltsev, Dmitry"]
[Black "Al-Tarboush, Ward"]
[WhiteFideId "24176710"]
[BlackFideId "7601450"]
[WhiteElo "2258"]
[BlackElo "2249"]
[Result "1-0"]
[Round "08"]
[TimeControl "180+1"]
[Date "2022.06.07"]
[WhiteClock "0:01:05"]
[BlackClock "0:02:17"]

1. e4 b6 2. Nc3 Bb7 3. Nf3 e6 4. d4 Bb4 5. Bd3 Nf6 6. Qe2 d5 7. e5 Ne4 8. Bd2 Bxc3 9. bxc3 c5 10. Bxe4 dxe4 11. Ng5 Qd5 12. Be3 c4 13. Qh5 g6 14. Qh6 Nc6 15. Qg7 O-O-O 16. Qxf7 Rhe8 17. Qxh7 Qa5 18. Bd2 Nxe5 19. dxe5 Rxd2 20. Kxd2 Rd8+ 21. Ke2 Qxc3 22. Rhd1 Qxc2+ 23. Ke1 Rf8 24. Qd7+ Kb8 25. Qd6+ 1-0


[Site "https://www.chess.com"]

[Event "Titled Tuesday Blitz June 07 Early 2022"]
[White "Grischuk, Alexander"]
[Black "Maghsoodloo, Parham"]
[WhiteFideId "4126025"]
[BlackFideId "12539929"]
[WhiteElo "2762"]
[BlackElo "2607"]
[Result "0-1"]
[Round "08"]
[TimeControl "180+1"]
[Date "2022.06.07"]
[WhiteClock "0:00:02"]
[BlackClock "0:00:25"]

1. d4 Nf6 2. Nf3 d5 3. Bf4 c5 4. e3 Nc6 5. Nbd2 Nh5 6. dxc5 Nxf4 7. exf4 g6 8. c3 Bh6 9. g3 Bg7 10. Nb3 a5 11. Bb5 Bh3 12. Ng5 Bf5 13. Nd4 Bd7 14. O-O e5 15. Ndf3 h6 16. Qxd5 hxg5 17. Nxg5 O-O 18. Rad1 Bg4 19. f3 Qxd5 20. Rxd5 Ne7 21. Rd2 Bf5 22. g4 Bc8 23. Re1 exf4 24. Rxe7 Bf6 25. Rxf7 Rxf7 26. Nxf7 Kxf7 27. Rd6 Be7 28. Bc4+ Kg7 29. Rd5 g5 30. Kg2 Kf6 31. Rd2 a4 32. b4 axb3 33. axb3 Bxc5 34. b4 Be7 35. Bd5 Ra3 36. Rc2 b6 37. Re2 Rxc3 38. h4 Bxb4 39. h5 Rd3 40. Be4 Rd2 41. Rxd2 Bxd2 42. h6 b5 43. h7 Kg7 44. Kf1 b4 45. Ke2 Bc3 46. Kd3 Be6 47. Kc2 Bf6 48. Kb1 b3 49. Kc1 Bf7 50. Kb1 b2 51. Bf5 Kh6 52. Be4 Bg6 0-1


[Site "https://www.chess.com"]

[Event "Titled Tuesday Blitz June 07 Early 2022"]
[White "Harvey, Marcus R"]
[Black "Ivic, Velimir"]
[WhiteFideId "400092"]
[BlackFideId "950122"]
[WhiteElo "2485"]
[BlackElo "2610"]
[Result "0-1"]
[Round "08"]
[TimeControl "180+1"]
[Date "2022.06.07"]
[WhiteClock "0:00:04"]
[BlackClock "0:00:45"]

1. e4 c5 2. Nf3 Nc6 3. Bb5 e6 4. O-O Nge7 5. Re1 b6 6. c3 a6 7. Bf1 d5 8. exd5 Nxd5 9. d4 cxd4 10. Nxd4 Bb7 11. Nxc6 Bxc6 12. Nd2 Qc7 13. Nf3 Bd6 14. h3 h6 15. Nd4 Bb7 16. Nf5 Bh2+ 17. Kh1 O-O-O 18. Nd4 Bf4 19. Qa4 b5 20. Bxb5 Bxc1 21. Bxa6 Bf4 22. Re4 Bxa6 23. Qxa6+ Qb7 24. Qa4 Nb6 25. Qc6+ Bc7 26. a4 Rd6 27. Qxb7+ Kxb7 28. a5 Nd5 29. Nb5 Ra6 30. b4 Rd8 31. Rd1 Rc6 32. Rd3 Nf6 33. Rxd8 Bxd8 34. Rd4 Be7 35. f3 Ka6 36. Na3 Rxc3 37. Nc4 Nd5 38. Nd2 Bxb4 39. Ne4 Rc1+ 40. Kh2 Kxa5 41. g4 Kb5 42. h4 Kc6 43. g5 hxg5 44. Nxg5 Bd6+ 45. Kg2 Rc2+ 46. Kf1 Ne3+ 47. Kg1 Bc5 48. Re4 Nf5+ 49. Kf1 Ng3+ 50. Ke1 Nxe4 0-1


[Site "https://www.chess.com"]

[Event "Titled Tuesday Blitz June 07 Early 2022"]
[White "Howell, David W L"]
[Black "Shubin, Kirill"]
[WhiteFideId "410608"]
[BlackFideId "34119962"]
[WhiteElo "2559"]
[BlackElo "2474"]
[Result "1-0"]
[Round "08"]
[TimeControl "180+1"]
[Date "2022.06.07"]
[WhiteClock "0:00:14"]
[BlackClock "0:00:04"]

1. e4 e6 2. Nf3 d5 3. exd5 exd5 4. d4 Nf6 5. Bd3 Bd6 6. Qe2+ Qe7 7. Qxe7+ Bxe7 8. O-O O-O 9. Bf4 c6 10. Re1 Re8 11. Nbd2 Nbd7 12. c3 Nf8 13. h3 Ng6 14. Bh2 Bf8 15. a4 a5 16. Kf1 Be6 17. Re2 Nh5 18. Re3 Nf6 19. Rae1 Ne7 20. Ne5 Nf5 21. R3e2 Nd6 22. f3 Bf5 23. Bxf5 Nxf5 24. g4 Nd6 25. b3 Re6 26. Kf2 Rae8 27. Nf1 g6 28. Ne3 Bh6 29. Ng2 Bf8 30. Nf4 R6e7 31. Nfd3 Nc8 32. Bf4 Re6 33. Bg5 h6 34. Bxf6 Rxf6 35. Nd7 Rxe2+ 36. Rxe2 Rd6 37. Re8 Rxd7 38. Rxc8 Kg7 39. Ne5 Re7 40. Ra8 c5 41. Rxa5 Rc7 42. Rb5 Bd6 43. Rb6 Be7 44. f4 cxd4 45. cxd4 Rc2+ 46. Ke3 Rc3+ 47. Kd2 Rc7 48. b4 f6 49. Nd3 Kf7 50. Nc5 Bxc5 51. dxc5 Re7 52. a5 Re4 53. Rxb7+ Ke6 54. a6 Rxf4 55. a7 Rf2+ 56. Kc3 Ra2 57. Kb3 Ra1 58. b5 d4 59. b6 d3 60. Kc3 Ra3+ 61. Kd2 Kd5 62. Rb8 1-0


[Site "https://www.chess.com"]